 Dungeon Crawl Stone Soup version 0.25-b1-37-g2669288c55 (webtiles) character file.

Game seed: 16122110736629759007

14012 Hatywr the Basher (level 12, 0/97 HPs)
             Began as a Human Fighter on June 4, 2020.
             Was an Elder of Yredelemnul.
             Slain by a troll (7 damage)
             ... on level 11 of the Dungeon.
             The game lasted 00:27:17 (14043 turns).

Hatywr the Basher (Human Fighter)                  Turns: 14043, Time: 00:27:17

Health: 0/97       AC: 26    Str: 22    XL:     12   Next: 39%
Magic:  15/17      EV:  7    Int:  9    God:    Yredelemnul [****..]
Gold:   756        SH:  0    Dex: 12    Spells: 11/11 levels left

rFire    . . .     SeeInvis .   r - +4 dire flail (protect)
rCold    + . .     Gourm    .   (shield currently unavailable)
rNeg     . . .     Faith    .   o - +2 plate armour
rPois    .         Spirit   .   (no helmet)
rElec    .         Reflect  .   k - +1 cloak
rCorr    .         Harm     .   (no gloves)
MR       .....                  (no boots)
Stlth    ..........             (no amulet)
HPRegen  0.26/turn              b - ring of protection from cold
MPRegen  0.15/turn              (no ring)

@: protection aura
A: no striking features
a: Recall Undead Slaves, Injury Mirror, Animate Dead, Drain Life, Renounce
Religion


You were on level 11 of the Dungeon.
You worshipped Yredelemnul.
Yredelemnul was greatly pleased with you.
You were near starving.

You visited 2 branches of the dungeon, and saw 12 of its levels.

You collected 756 gold pieces.

Inventory:

Hand Weapons
 a - a +0 flail
 d - a +1 flail of protection
 r - a +4 dire flail of protection (weapon)
Armour
 c - a +0 kite shield
 k - a +1 cloak (worn)
 o - a +2 plate armour (worn)
 v - a +0 scale mail
Jewellery
 b - a ring of protection from cold (left hand)
 A - an uncursed ring of positive energy {unknown}
Wands
 i - a wand of iceblast (11)
 l - a wand of polymorph (10)
 B - a wand of digging (5)
Scrolls
 g - 6 scrolls of fear
 h - 3 scrolls of magic mapping
 j - 8 scrolls of identify
 q - 3 scrolls of teleportation
 t - 5 scrolls of remove curse
 u - 3 scrolls of immolation
 w - 3 scrolls of blinking {unknown}
 x - a scroll of amnesia {unknown}
 y - a scroll of enchant weapon
 C - 2 scrolls of fog {unknown}
Potions
 e - 2 potions of might
 m - 2 potions of lignification
 n - a potion of mutation {unknown}
 p - 3 potions of flight
 s - a potion of berserk rage {unknown}
 E - a potion of heal wounds
Comestibles
 f - 24 rations
 z - 5 chunks of flesh


   Skills:
 * Level 10.0 Fighting
 - Level 12.1 Maces & Flails
 * Level 10.1 Armour
 - Level 3.0 Shields
 + Level 7.0 Invocations


You had 11 spell levels left.
You didn't know any spells.
Your spell library contained the following spells:

 Spells                   Type           Power        Failure   Level  Hunger
 Corona                   Hex            #......      99%         1    ##.....
 Sandblast                Erth           #.....       99%         1    ##.....
 Ensorcelled Hibernation  Hex/Ice        #.....       100%        2    ###....
 Passwall                 Tmut/Erth      #.......     100%        2    ###....
 Confusing Touch          Hex            #.......     100%        3    ####...
 Dazzling Flash           Conj/Hex       #.....       100%        3    ####...
 Stone Arrow              Conj/Erth      #.....       100%        3    ####...
 Tukima's Dance           Hex            #.......     100%        3    ####...
 Petrify                  Tmut/Erth      #.......     100%        4    #####..
 Lee's Rapid Deconstruct  Erth           #.........   100%        5    ######.


Dungeon Overview and Level Annotations

Branches:
Dungeon (11/15)            Temple (1/1) D:4            Lair (0/6) D:9
    Orc (0/2) D:11

Altars:
Ashenzari
Cheibriados
Dithmenos
Elyvilon
Fedhas
Gozag
Hepliaklqana
Kikubaaqudgha
Makhleb
Nemelex Xobeh
Okawaru
Qazlal
Ru
Sif Muna
Trog
Uskayaw
Vehumet
Wu Jian
Xom
Yredelemnul
Zin
The Shining One

Annotations:
D:3 3 runed translucent doors, Delamore's ghost, amateur GrFi; TreeFish's ghost, amateur HuTm


Message History

The troll is severely wounded.
You barely miss the troll.
The troll is severely wounded.
The orc warrior hits your orc zombie with a +0 battleaxe.
The orc warrior hits your hippogriff skeleton with a +0 battleaxe!
The troll bites you but does no damage.
The troll claws you but does no damage. x2
Your orc zombie hits the orc warrior but does no damage.
Your hippogriff skeleton bites the orc warrior.
Your hippogriff skeleton pecks the orc warrior.
Your hippogriff skeleton barely misses the orc warrior.
You closely miss the troll.
The troll is severely wounded.
Yredelemnul accepts your kill.
You feel a bit more experienced. The troll bites you!
* * * LOW HITPOINT WARNING * * *
The troll claws you!
* * * LOW HITPOINT WARNING * * *
The troll claws you!
You die...
Your body rises from the dead as a mindless zombie.

#.#
#######.###
#..
........).##
#.#
#######...Z#
#.#
#######Z#
#.#
#8...8#Z#
#[..og#Z#
#..>oooZ#
#...O.#T#
#8..K8#@#
#######.#
..# ....
.....
.......
'#####.. ..
...


You could see a troll, an orc warrior, a gnoll sergeant, 2 friendly gnoll
zombies, a friendly gnoll sergeant zombie, a friendly orc zombie and a friendly
hippogriff skeleton.

Vanquished Creatures
  Gastronok (D:9)
  3 two-headed ogres
  Urug (D:10)
  An unseen horror (D:11)
  Pikel (D:5)
  An ugly thing (D:10)
  A centaur zombie (D:11)
  A komodo dragon (D:10)
  A kobold demonologist (D:10)
  3 trolls
  2 hippogriffs
  Eustachio (D:4)
  3 hungry ghosts
  Edmund (D:4)
  An acid dragon (D:11)
  A water moccasin (D:11)
  8 orc warriors
  3 ice beasts
  A slave (D:5)
  2 black bears
  A necrophage (D:10)
  A phantom (D:7)
  A sky beast (D:8)
  5 ogres
  4 centaurs
  3 big kobolds
  5 bullfrogs
  2 gnoll sergeants (D:11)
  4 scorpions
  9 killer bees
  A water moccasin skeleton (D:5)
  10 wights
  A howler monkey (D:8)
  An electric eel (D:8)
  4 crimson imps
  A quasit (D:11)
  5 hounds
  5 jellies
  A gnoll shaman (D:10)
  7 orc priests
  7 orc wizards
  Jessica (D:2)
  An iguana (D:5)
  5 worker ants
  A hound zombie (D:5)
  A howler monkey zombie (D:5)
  A worker ant zombie (D:10)
  6 gnolls
  A howler monkey skeleton (D:5)
  12 adders
  A river rat (D:6)
  3 shadow imps
  11 oozes
  2 adder skeletons
  7 worms
  6 leopard geckos
  44 orcs
  3 ball pythons
  A giant cockroach (D:6)
  6 goblins
  9 hobgoblins
  4 jackals
  4 quokkas
  3 bats
  7 frilled lizards
  A jackal skeleton (D:5)
  A jackal zombie (D:5)
  16 kobolds
  A leopard gecko skeleton (D:4)
  A quokka zombie (D:5)
  4 rats
279 creatures vanquished.

Vanquished Creatures (collateral kills)
  A two-headed ogre (D:10)
  A hippogriff (D:10)
  An ogre (D:11)
  2 gnolls (D:11)
  3 orcs
8 creatures vanquished.

Vanquished Creatures (others)
  4 flying skulls (D:11)
  A sky beast (D:5)
  2 slaves (D:5)
  A water moccasin zombie (D:11)
  2 orc wizards
  An adder skeleton (D:5)
  An orc skeleton (D:11)
  An orc (D:5)
  An orc zombie (D:9)
  3 fungi (D:4)
  6 toadstools (D:4)
23 creatures vanquished.

Grand Total: 310 creatures vanquished

Notes
Turn   | Place    | Note
-------+----------+-------------------------------------------
     0 | D:1      | Hatywr the Human Fighter began the quest for the Orb.
     0 | D:1      | Reached XP level 1. HP: 18/18 MP: 1/1
   239 | D:1      | Reached XP level 2. HP: 24/24 MP: 2/2
   435 | D:1      | Reached skill level 3 in Maces & Flails
   571 | D:1      | Reached XP level 3. HP: 29/29 MP: 3/3
  1066 | D:2      | Reached skill level 4 in Maces & Flails
  1066 | D:2      | Reached XP level 4. HP: 16/35 MP: 4/4
  1299 | D:2      | Noticed Jessica
  1302 | D:2      | Killed Jessica
  1886 | D:3      | Reached XP level 5. HP: 41/41 MP: 5/5
  2158 | D:3      | Found a runed translucent gate.
  2158 | D:3      | Found a runed translucent gate.
  2158 | D:3      | Found a runed translucent gate.
  2170 | D:3      | Reached skill level 5 in Maces & Flails
  2382 | D:3      | Noticed Delamore's ghost (amateur GrFi)
  2382 | D:3      | Noticed TreeFish's ghost (amateur HuTm)
  2646 | D:3      | Found an ornate altar of the Wu Jian Council.
  2867 | D:3      | Reached XP level 6. HP: 47/47 MP: 6/6
  3142 | D:4      | Reached skill level 6 in Maces & Flails
  3625 | D:4      | Found a staircase to the Ecumenical Temple.
  3771 | D:4      | Reached XP level 7. HP: 24/52 MP: 7/7
  3971 | Temple   | Entered the Ecumenical Temple
  3981 | Temple   | Became a worshipper of Yredelemnul the Dark
  4221 | D:4      | Reached skill level 7 in Maces & Flails
  4522 | D:4      | Noticed Edmund
  4558 | D:4      | Killed Edmund
  4676 | D:4      | Noticed Eustachio
  4703 | D:4      | Killed Eustachio
  4703 | D:4      | Reached skill level 8 in Maces & Flails
  4703 | D:4      | Reached XP level 8. HP: 57/58 MP: 8/8
  4870 | D:4      | Found a blossoming altar of Fedhas.
  4945 | D:5      | Entered Level 5 of the Dungeon
  5019 | D:5      | Reached skill level 9 in Maces & Flails
  5272 | D:5      | Reached * piety under Yredelemnul
  5359 | D:5      | Found a radiant altar of Vehumet.
  5545 | D:5      | Noticed Pikel
  5599 | D:5      | Killed Pikel
  5599 | D:5      | Reached skill level 11 in Maces & Flails
  5599 | D:5      | Reached XP level 9. HP: 33/63 MP: 9/9
  6863 | D:6      | Found a glowing silver altar of Zin.
  7238 | D:6      | Reached ** piety under Yredelemnul
  7692 | D:7      | Reached skill level 12 in Maces & Flails
  7796 | D:7      | Found a stormy altar of Qazlal.
  7870 | D:7      | Reached skill level 1 in Invocations
  7870 | D:7      | Reached XP level 10. HP: 21/71 MP: 10/10
  8406 | D:7      | Found a bloodstained altar of Trog.
  8627 | D:8      | Reached skill level 5 in Armour
  8821 | D:8      | Reached skill level 5 in Fighting
  9651 | D:8      | Noticed a two-headed ogre
  9658 | D:8      | Killed a two-headed ogre
  9984 | D:8      | Found a hide-covered altar of Uskayaw.
 10153 | D:8      | Found a hazy altar of Hepliaklqana.
 10304 | D:9      | Found a sparkling altar of Nemelex Xobeh.
 10393 | D:9      | Noticed a two-headed ogre
 10406 | D:9      | Killed a two-headed ogre
 10648 | D:9      | Reached *** piety under Yredelemnul
 10851 | D:9      | Reached XP level 11. HP: 74/83 MP: 14/14
 10961 | D:9      | Noticed Gastronok
 11020 | D:9      | Killed Gastronok
 11020 | D:9      | Reached skill level 5 in Invocations
 11409 | D:9      | Found a shattered altar of Ashenzari.
 11413 | D:9      | Found a staircase to the Lair.
 11819 | D:9      | Found a shimmering blue altar of Sif Muna.
 11929 | D:10     | Entered Level 10 of the Dungeon
 11942 | D:10     | Noticed Urug
 11953 | D:10     | Killed Urug
 12864 | D:11     | Noticed a two-headed ogre
 12897 | D:11     | Noticed a brown ugly thing
 12922 | D:10     | Killed a brown ugly thing
 13090 | D:10     | Killed a two-headed ogre
 13267 | D:10     | Reached XP level 12. HP: 95/95 MP: 16/16
 13405 | D:11     | Killed an unseen horror
 13862 | D:11     | Reached **** piety under Yredelemnul
 13938 | D:11     | Noticed a two-headed ogre
 13961 | D:11     | Killed a two-headed ogre
 13961 | D:11     | Reached skill level 10 in Armour
 14002 | D:11     | Received a gift from Yredelemnul (4 flying skulls)
 14005 | D:11     | Found a staircase to the Orcish Mines.
 14015 | D:11     | Reached skill level 10 in Fighting
 14043 | D:11     | Slain by a troll

Illustrated notes

Levels and vault maps discovered:
D:1:      wander_arrival_fairy_ring, layout_loops_corners,
          minmay_misc_feat_columns
D:2:      layout_rooms, chequers_garden, uniq_jessica
D:3:      layout_basic, lemuel_coloured_pillars_altar, gammafunk_ghost_cemetery,
          minmay_misc_feat_pillars
D:4:      cheibrodos_fertilizer, layout_basic, fedhas_altar_fruit_tree,
          minmay_temple_entry_statues, uniq_edmund, uniq_eustachio
D:5:      layout_basic, vehumet_crystals, first_ration, serial_corexii_hall,
          chequers_hall_statues_wall_a, corexii_hall_statues_i, uniq_pikel
D:6:      layout_basic, lemuel_doored_altar, gup_sewer_entry_spiral,
          kennysheep_small_spiral, minmay_misc_feat_ornament
D:7:      layout_gridville, lightli_temple_of_fire, grunt_qazlal_clouds
D:8:      layout_basic, eat_drink_and_be_merry_uskayaw,
          nicolae_overflow_crystal_walls
D:9:      layout_long_grid, lemuel_crystal_altar, ashenzari_altar_1,
          lair_entry_dummy, lemuel_blue_sif_altar, uniq_gastronok
D:10:     layout_cross, uniq_urug
D:11:     minmay_s_stair_smasher, layout_irregular_city,
          kennysheep_orc_monster_closet_entryway, uniq_josephine
Temple:   nicolae_temple_no_exploring_needed

Skill      XL: |  1  2  3  4  5  6  7  8  9 10 11 12 |
---------------+-------------------------------------+-----
Maces & Flails | 3 4 5 6 8 11 12 | 12.1
Armour         | 4 7 9 10 | 10.1
Invocations    | 1 4 6 7 |  7.0
Fighting       | 6 9 10 | 10.0
Shields        | |  3.0

Action                   |  1- 3 |  4- 6 |  7- 9 | 10-12 || total
-------------------------+-------+-------+-------+-------++-------
Melee: Flail             |   109 |   246 |    73 |       ||   428
       Dire flail        |       |       |   272 |   535 ||   807
Invok: Animate Remains   |       |       |       |     1 ||     1
       Animate Dead      |       |       |       |     7 ||     7
       Injury Mirror     |       |       |       |     1 ||     1
       Drain Life        |       |       |       |     1 ||     1
  Use: Potion            |       |    10 |       |     6 ||    16
       Scroll            |       |     8 |       |     2 ||    10
 Stab: Distracted        |       |       |       |     2 ||     2
  Eat: Chunk             |     1 |     7 |    12 |    24 ||    44
       Ration            |       |       |     1 |     1 ||     2
Armor: Scale mail        |    33 |    32 |   163 |     9 ||   237
       Plate armour      |    14 |   135 |       |   382 ||   531
       Skin              |       |    20 |       |    17 ||    37
Dodge: Dodged            |    28 |    58 |   107 |   159 ||   352
Block: Kite shield       |    50 |   159 |    23 |       ||   232
